 Dungeon Crawl Stone Soup version 0.25.1-2-g60ff931df9 (webtiles) character file.

Game seed: 8682359755655387736

9755 Johnny the Frost Mage (level 11, -21/74 HPs)
             Began as a Demigod Ice Elementalist on Aug 23, 2020.
             Demolished by a death scarab (22 damage)
             ... in a Gauntlet.
             The game lasted 00:15:23 (11223 turns).

Johnny the Frost Mage (Demigod Ice Elementalist)   Turns: 11223, Time: 00:15:24

Health: -21/74     AC: 13    Str: 11    XL:     11   Next: 6%
Magic:  26/28      EV: 16    Int: 25    God:
Gold:   362        SH:  0    Dex: 12    Spells: 16/27 levels left

rFire    + . .     SeeInvis +   o - +3 whip (venom)
rCold    . . .     Gourm    .   (no shield)
rNeg     . . .     Faith    .   B - +0 robe "Jifiu" {rF+ Dex-4 SInv}
rPois    .         Spirit   .   m - +0 helmet
rElec    .         Reflect  .   d - +1 cloak {rCorr}
rCorr    +         Harm     .   (no gloves)
MR       +....     NoTele   +   (no boots)
Stlth    +++.......             v - amulet of regeneration
HPRegen  0.62/turn              p - +4 ring of evasion
MPRegen  0.21/turn              a - ring of stealth

@: icy armour, slowed, very slow
A: high mp 1
a: no special abilities


You were in a Gauntlet.
You were full.

You visited 1 branch of the dungeon, and saw 12 of its levels.
You also visited: Gauntlet.

You collected 543 gold pieces.
You spent 181 gold pieces at shops.

Inventory:

Hand Weapons
 g - the +7 captain's cutlass {speed, disarm}
   (You found it on level 8 of the Dungeon)

   Attacks with this weapon are significantly faster.
 o - a +3 whip of venom (weapon)
Armour
 d - a +1 cloak of preservation (worn)
 m - a +0 helmet (worn)
 B - the +0 robe "Jifiu" (worn) {rF+ Dex-4 SInv}
   (You found it on level 6 of the Dungeon)

   It affects your dexterity (-4).
   It protects you from fire.
   It lets you see invisible.
 F - the +1 robe "Mixy" {Slay+2}
   (You found it on level 9 of the Dungeon)

   It affects your accuracy and damage with ranged weapons and melee attacks
   (+2).
Jewellery
 a - a ring of stealth (right hand)
 p - a +4 ring of evasion (left hand)
 v - an amulet of regeneration (around neck)
 y - a cursed amulet of inaccuracy {unknown}
Wands
 s - a wand of acid (12)
 u - a wand of polymorph (5)
Scrolls
 b - 3 scrolls of teleportation
 f - 4 scrolls of enchant armour
 i - a scroll of fog
 k - 2 scrolls of blinking
 l - a scroll of fear {unknown}
 C - 2 scrolls of magic mapping
 D - a scroll of vulnerability
 G - a scroll of remove curse
Potions
 e - 4 potions of haste
 h - 2 potions of might
 j - 2 potions of heal wounds
 n - 3 potions of stabbing
 q - 4 potions of curing
 r - 2 potions of ambrosia
 t - a potion of mutation
 x - a potion of lignification {unknown}
 z - 2 potions of brilliance
 A - 3 potions of flight
 E - a potion of magic {unknown}
 H - a potion of berserk rage {unknown}
Comestibles
 c - 20 rations
 w - 5 chunks of flesh


   Skills:
 - Level 1.7 Dodging
 - Level 1.7 Stealth
 + Level 8.9 Spellcasting
 * Level 13.3 Ice Magic


You had 16 spell levels left.
You knew the following spells:

 Your Spells              Type           Power        Failure   Level  Hunger
a - Freeze                Ice            ####         1%          1    None
b - Frozen Ramparts       Ice            ######       1%          3    None
d - Ozocubu's Armour      Chrm/Ice       #####...     1%          3    None
e - Summon Ice Beast      Ice/Summ       #####...     3%          4    ##.....

Your spell library contained the following spells:

 Spells                   Type           Power        Failure   Level  Hunger
 Ensorcelled Hibernation  Hex/Ice        #####.       1%          2    None
 Hailstorm                Conj/Ice       #####...     3%          4    ##.....
 Animate Skeleton         Necr           N/A          5%          1    None
 Apportation              Tloc           ##....       5%          1    None
 Corona                   Hex            ##.....      5%          1    None
 Summon Small Mammal      Summ           ##..         5%          1    None
 Confusing Touch          Hex            ##......     17%         3    None
 Dazzling Flash           Conj/Hex       ##....       17%         3    None
 Tukima's Dance           Hex            ##......     17%         3    None


Dungeon Overview and Level Annotations

Branches:
Dungeon (12/15)            Temple (0/1) D:6            Lair (0/6) D:8
    Orc (0/2) D:10        Gauntlet (1/1)

Shops:
D:4 }   D:6 [

Annotations:
Gauntlet 9 transporters


Innate Abilities, Weirdness & Mutations

You have an increased reservoir of magic. (+10% MP)


Message History

The spectral dream sheep closely misses you.
You feel much better. The death scarab bites you!!
The death scarab draws strength from your injuries!
The spectral dream sheep closely misses you.
Evoke which item? (* to show all) (? for menu, Esc to quit)
Aiming: Corrosive Bolt
Press: ? - help, Shift-Dir - straight line, f/p - death scarab
Aim: a death scarab (covered in acid)
The bolt of acid misses the death scarab.
The death scarab bites you!!
* * * LOW HITPOINT WARNING * * *
The death scarab drains your vigour!
You feel as though you will be slow longer.
The death scarab draws strength from your injuries!
The death scarab bites you.
* * * LOW HITPOINT WARNING * * *
The death scarab draws strength from your injuries!
The spectral dream sheep bites you but does no damage.
The death scarab bites you!!
You die...

## ### ################### ### ##
≈###≈###.................###≈###≈
≈≈#≈≈≈#...8⌠8..8∩8..8⌠8...#≈≈≈#≈≈
.................................
#################################
#G......#8©8#..8#8..#8©8#.'...#©#
#..#.#..#...#=..8...#...#.###.#.#
#[.#.#..#...#..8.8.8#...#...#...#
#©.#©#..#©.©#©8.@s8##©.©###.#####
#..#.#..#####..8Z8.8#####©#÷....#
#!.#.#.u#...#...8...#...#.#####.#
#.....GG#.8.#..8#8..#.8.#.......#
#########...#########...#########
.................................
≈≈#≈≈≈#≈≈≈#≈≈≈#≈≈≈#≈≈≈#≈≈≈#≈≈≈#≈≈
≈###≈###≈###≈###≈###≈###≈###≈###≈
## ### ### ### ### ### ### ### ##


You could see a spectral dream sheep and a death scarab (corroded).

Vanquished Creatures
  A tengu warrior (D:9)
  An ugly thing (D:11)
  A torpor snail (Gauntlet)
  2 hornets (D:8)
  A hippogriff (D:11)
  A raiju (Gauntlet)
  Sigmund (D:6)
  A yak (D:10)
  2 steam dragons (Gauntlet)
  A hungry ghost (D:9)
  Edmund (D:6)
  A soldier ant (D:8)
  A water moccasin (D:10)
  2 orc warriors (D:10)
  2 ice beasts
  A sky beast (D:7)
  A phantom (D:11)
  6 ogres
  3 wolves (Gauntlet)
  2 centaurs
  Blork the orc (D:4)
  2 bullfrogs
  3 scorpions
  4 howler monkeys
  4 crimson imps
  3 centaur zombies
  2 centaur skeletons
  4 hounds
  3 orc priests
  A jelly (D:6)
  7 orc wizards
  Terence (D:2)
  10 worker ants
  A hound skeleton (D:6)
  Robin (D:2)
  4 gnolls (D:11)
  10 adders
  3 oozes
  2 worms
  2 dart slugs
  3 leopard geckos
  42 orcs
  A ball python (D:7)
  8 bats
  6 giant cockroaches
  16 goblins
  8 hobgoblins
  4 jackals
  3 quokkas
  3 frilled lizards
  A jackal skeleton (D:5)
  5 kobolds
  2 leopard gecko skeletons
  A quokka zombie (D:6)
  6 rats
209 creatures vanquished.

Vanquished Creatures (collateral kills)
  A hydra (D:10)
  A two-headed ogre (D:8)
  A centaur skeleton (D:11)
  A hippogriff (D:12)
  A wraith (D:10)
  2 wyverns
  9 yaks
  An acid dragon (D:11)
  A water moccasin (D:11)
  2 ice beasts
  2 necrophages
  An orc warrior (D:11)
  A wolf (Gauntlet)
  A jelly (D:9)
  A crimson imp (D:7)
  A bullfrog skeleton (D:9)
  An orc priest (D:7)
  An orc wizard (D:11)
  A worker ant zombie (D:11)
  2 adder skeletons (D:7)
  A leopard gecko (D:11)
  3 orcs (D:11)
  A jackal (D:7)
37 creatures vanquished.

Grand Total: 246 creatures vanquished

Notes
Turn   | Place    | Note
-------+----------+-------------------------------------------
     0 | D:1      | Johnny the Demigod Ice Elementalist began the quest for the
                  | Orb.
     0 | D:1      | Reached XP level 1. HP: 14/14 MP: 5/5
   391 | D:1      | Reached skill level 4 in Ice Magic
   391 | D:1      | Reached XP level 2. HP: 19/20 MP: 4/7
   805 | D:2      | Reached XP level 3. HP: 26/26 MP: 3/9
   880 | D:2      | Learned a level 3 spell: Frozen Ramparts
  1097 | D:2      | Noticed Robin
  1106 | D:2      | Killed Robin
  1705 | D:2      | Reached XP level 4. HP: 33/33 MP: 6/10
  1761 | D:2      | Noticed Terence
  1765 | D:2      | Killed Terence
  1765 | D:2      | Reached skill level 5 in Ice Magic
  2421 | D:3      | Reached XP level 5. HP: 35/38 MP: 4/12
  3255 | D:4      | Reached skill level 6 in Ice Magic
  3294 | D:4      | Found Wyruph's Gadget Shoppe.
  3482 | D:4      | Noticed an ogre
  3488 | D:4      | Killed an ogre
  3488 | D:4      | Reached XP level 6. HP: 32/45 MP: 7/14
  3773 | D:4      | You fall into a shaft and drop 1 floor!
  3773 | D:5      | Entered Level 5 of the Dungeon
  3797 | D:5      | Reached XP level 7. HP: 50/50 MP: 5/16
  3798 | D:5      | Reached skill level 7 in Ice Magic
  4133 | D:4      | Noticed Blork the orc
  4151 | D:4      | Killed Blork the orc
  4465 | D:5      | Found a bloodstained altar of Trog.
  4505 | D:4      | Learned a level 4 spell: Summon Ice Beast
  4710 | D:5      | Found a bloodstained altar of Trog.
  5248 | D:6      | Got an ominously black robe
  5260 | D:6      | Identified the +0 robe "Jifiu" {rF+ Dex-4 SInv} (You found
                  | it on level 6 of the Dungeon)
  5284 | D:6      | Noticed Edmund
  5289 | D:6      | Killed Edmund
  5289 | D:6      | Reached skill level 8 in Ice Magic
  5390 | D:6      | Found Ickao's Armour Boutique.
  5411 | D:6      | Bought a +1 cloak of preservation for 181 gold pieces
  5498 | D:6      | Reached skill level 5 in Spellcasting
  5498 | D:6      | Reached XP level 8. HP: 57/57 MP: 17/19
  5693 | D:6      | Noticed Sigmund
  5699 | D:6      | Killed Sigmund
  5729 | D:6      | Found a staircase to the Ecumenical Temple.
  5866 | D:7      | Found a shattered altar of Ashenzari.
  5866 | D:7      | Found a shimmering altar of Xom.
  5870 | D:7      | Reached skill level 9 in Ice Magic
  6126 | D:7      | Found a blossoming altar of Fedhas.
  6126 | D:7      | Found a stormy altar of Qazlal.
  6331 | D:7      | Found a shimmering blue altar of Sif Muna.
  6604 | D:7      | Found a glowing golden altar of the Shining One.
  6606 | D:7      | Found a sparkling altar of Nemelex Xobeh.
  6607 | D:7      | Found a shadowy altar of Dithmenos.
  6716 | D:8      | Found a staircase to the Lair.
  6829 | D:8      | Noticed a two-headed ogre
  6839 | D:8      | Killed a two-headed ogre
  6839 | D:8      | Reached skill level 10 in Ice Magic
  6839 | D:8      | Reached XP level 9. HP: 62/62 MP: 6/22
  7044 | D:8      | Found a radiant altar of Vehumet.
  7045 | D:8      | Found a burning altar of Makhleb.
  7129 | D:8      | Found the +7 captain's cutlass {speed, disarm}
  7525 | D:9      | Found a stormy altar of Qazlal.
  7566 | D:9      | Learned a level 3 spell: Ozocubu's Armour
  7694 | D:9      | Got a thick robe
  7747 | D:9      | Identified the cursed +1 robe "Mixy" {Slay+2} (You found it
                  | on level 9 of the Dungeon)
  7892 | D:9      | Reached skill level 11 in Ice Magic
  8143 | D:9      | Noticed a tengu warrior
  8150 | D:9      | Killed a tengu warrior
  8308 | D:9      | Found an ancient bone altar of Kikubaaqudgha.
  8309 | D:9      | Found a hide-covered altar of Uskayaw.
  8412 | D:10     | Entered Level 10 of the Dungeon
  8469 | D:10     | Noticed a four-headed hydra
  8479 | D:10     | Killed a four-headed hydra
  8479 | D:10     | Reached XP level 10. HP: 69/69 MP: 13/25
  8605 | D:10     | Reached skill level 12 in Ice Magic
  8791 | D:10     | Found a staircase to the Orcish Mines.
  9498 | D:11     | Noticed a green ugly thing
  9507 | D:11     | Killed a green ugly thing
 10277 | D:11     | Reached skill level 13 in Ice Magic
 10630 | D:12     | Found a gate leading to a gauntlet.
 10650 | Gauntlet | Entered a Gauntlet
 10650 | Gauntlet | Found a transporter.
 10699 | Gauntlet | Found a transporter.
 10702 | Gauntlet | Found a transporter.
 10703 | Gauntlet | Found a transporter.
 10710 | Gauntlet | Found a runed translucent door.
 10713 | Gauntlet | Found a transporter.
 10714 | Gauntlet | Found a transporter.
 10715 | Gauntlet | Found a transporter.
 10724 | Gauntlet | Found a transporter.
 10726 | Gauntlet | Found a transporter.
 10727 | Gauntlet | Found a transporter.
 10729 | Gauntlet | Noticed a glowing orange brain
 10729 | Gauntlet | Noticed a glowing orange brain
 10738 | Gauntlet | Found a transporter.
 10738 | Gauntlet | Found a transporter.
 10739 | Gauntlet | Found a transporter.
 10741 | Gauntlet | Noticed a death ooze
 10748 | Gauntlet | Found a transporter.
 10775 | Gauntlet | Noticed a brown ugly thing
 10783 | Gauntlet | Noticed a death scarab
 10801 | Gauntlet | Noticed a torpor snail
 10936 | Gauntlet | Reached XP level 11. HP: 58/74 MP: 14/28
 11223 | Gauntlet | HP: 1/74 [death scarab (5)]
 11223 | Gauntlet | Demolished by a death scarab

Illustrated notes

Levels and vault maps discovered:
D:1:      ncdulo_wetmaze, layout_rooms, chequers_garden
D:2:      layout_basic, minmay_quadrilaterals, uniq_terence, uniq_robin
D:3:      layout_basic
D:4:      layout_loops_corners, first_ration, serial_shops, shop,
          grunt_ministairs_8, uniq_blork_the_orc
D:5:      layout_rooms, lemuel_round_altar, bloody_trog
D:6:      layout_loops_cross, minmay_temple_entry_mist, serial_shops, shop,
          uniq_edmund, uniq_sigmund
D:7:      layout_basic, grunt_temple_overflow_forces_of_nature,
          lemuel_doored_altar, chequers_temple_overflow_minitemple
D:8:      layout_rooms, grunt_temple_overflow_lords_of_destruction,
          hangedman_pestilent_swarm
D:9:      layout_loops_corners, nicolae_overflow_hidden_temple,
          nicolae_qazlal_general_emergency
D:10:     layout_basic, david_orc_3
D:11:     layout_gridville
D:12:     layout_roguey, serial_shops,
          nicolae_shop_temple_entry_statues_fountains, gauntlet_entry_generic,
          special_room [special_room_orc]
Gauntlet: gammafunk_gauntlet_77_escape_option
          [minmay_gauntlet_arena_77_two_paths, minmay_gauntlet_arena_77_path,
          minmay_gauntlet_arena_77_terracotta_army,
          minmay_gauntlet_arena_77_chump_sandwich,
          minmay_gauntlet_arena_77_checkered, gauntlet_exit_hidden_loot]

Skill      XL: |  1  2  3  4  5  6  7  8  9 10 |
---------------+-------------------------------+-----
Spellcasting   | 2 3 4 5 6 7 8 |  8.9
Ice Magic      | 4 5 6 8 10 11 13 | 13.3
Dodging        | |  1.7
Stealth        | |  1.7

Action                   |  1- 3 |  4- 6 |  7- 9 | 10-12 || total
-------------------------+-------+-------+-------+-------++-------
Melee: Unarmed           |    37 |     7 |     8 |       ||    52
       Whip              |       |    78 |   202 |   168 ||   448
 Cast: Freeze            |    50 |    13 |    17 |    11 ||    91
       Frozen Ramparts   |     2 |     7 |    20 |    15 ||    44
       Summon Ice Beast  |       |       |    18 |    39 ||    57
       Ozocubu's Armour  |       |       |       |     2 ||     2
Evoke: Wand              |       |       |       |     3 ||     3
  Use: Scroll            |       |     8 |    11 |     2 ||    21
       Potion            |       |       |       |     2 ||     2
 Stab: Sleeping          |     7 |     4 |     3 |     1 ||    15
       Distracted        |       |       |       |     1 ||     1
  Eat: Chunk             |     3 |     7 |    17 |    10 ||    37
       Ration            |       |       |       |     2 ||     2
Armor: Robe              |    12 |       |    22 |    38 ||    72
       Leather armour    |    13 |    16 |    16 |       ||    45
Dodge: Dodged            |    39 |    67 |   183 |   148 ||   437
Block: Other             |    12 |    26 |       |       ||    38
       Reflection        |     2 |     1 |       |       ||     3
